 Dungeon Crawl Stone Soup version 0.27-a0-124-g19cb506db8 (webtiles) character file.

Game seed: 12155097713403314884

155 dickylongcocking the Skirmisher (level 5, -2/46 HPs)
             Began as a Demonspawn Delver on Jan 26, 2021.
             Slain by a goblin
             ... wielding a +0 dagger
             ... led by Robin
              (4 damage)
             ... on level 4 of the Dungeon.
             The game lasted 00:01:11 (1200 turns).

dickylongcocking the Skirmisher (Demonspawn Delver) Turns: 1200, Time: 00:01:11

Health: -2/46      AC: -13   Str: 13    XL:     5   Next: 14%
Magic:  5/5        EV: 17    Int: 11    God:
Gold:   41         SH:  0    Dex: 17    Spells: 4/4 levels left

rFire    . . .     SeeInvis .     - Unarmed
rCold    . . .     Faith    .   (no shield)
rNeg     . . .     Spirit   .   a - +0 leather armour
rPois    .         Reflect  .   (helmet restricted)
rElec    .         Harm     .   (no cloak)
rCorr    .         Rampage  .   (no gloves)
Will     .....                  (no boots)
Stlth    ++++......             (no amulet)
HPRegen  0.15/turn              e - ring of flight
MPRegen  0.09/turn              (no ring)

@: mighty, agile, corroded
A: antennae 1, thin skeletal structure 1, powered by pain 1, miasma immunity
a: Evoke Flight


You were on level 4 of the Dungeon.
You visited 1 branch of the dungeon, and saw 2 of its levels.

You collected 41 gold pieces.

Inventory:

Missiles
 g - 7 boomerangs (quivered)
Armour
 a - a +0 leather armour (worn)
Jewellery
 e - a ring of flight (left hand)
Wands
 f - a wand of digging (3)
Scrolls
 b - a scroll of fog
 c - a scroll of magic mapping
 i - a scroll of enchant armour {unknown}


   Skills:
 * Level 5.9 Fighting
 - Level 1.7 Dodging
 - Level 4.5 Stealth
 - Level 1.7 Unarmed Combat


You had 4 spell levels left.
You didn't know any spells.
Your spell library was empty.

Dungeon Overview and Level Annotations

Branches:
Dungeon (5/15)
 Temple: D:4-7

Altars:

Annotations:
D:4 Blork the orc, Robin


Innate Abilities, Weirdness & Mutations

You have a pair of small antennae on your head.
You have a somewhat thin skeletal structure. (Dex +2, Stealth)
You sometimes gain a little power by taking damage.
You are immune to miasma.


Message History

Unknown command.
The jelly hits you.
* * * LOW HITPOINT WARNING * * *
You are splashed with acid!
* * * LOW HITPOINT WARNING * * *
As you read the scroll of fear, it crumbles to dust.
You assume a fearsome visage.
The jelly looks frightened!
Unknown command.
There is an escape hatch in the ceiling here.
A mysterious force pulls you upwards. The hatch slams shut behind you.
Level annotation: Blork the orc The goblin shouts! 6 goblins, 2 hobgoblins and Robin come into view.
The goblin shouts!
Robin shouts!
You hear a shout!
Robin throws the goblin at you!
* * * LOW HITPOINT WARNING * * *
The goblin completely misses you.
A hobgoblin comes into view. It is wielding a -3 club.
The goblin hits you with a +0 dagger.
You die...

. ....... .....
l ....... ....
. .......#... .
..........#
#..!.....# .
##........##...
.......g.....?.
#..@.......
#...g....g.
#..........
..........##
.......gg..g#
#.......g...#.#
#........g.g. .
..###....g..g.


You could see Robin, 3 hobgoblins and 7 goblins.

Vanquished Creatures
  An ogre (D:5)
  A bullfrog skeleton (D:5)
  A hound skeleton (D:5)
  A howler monkey skeleton (D:5)
  An adder (D:5)
  A dart slug (D:5)
  6 jackals (D:5)
  A frilled lizard (D:5)
13 creatures vanquished.

Notes
Turn   | Place    | Note
-------+----------+-------------------------------------------
     0 | D:5      | dickylongcocking the Demonspawn Delver began the quest for
                  | the Orb.
     0 | D:5      | Reached XP level 1. HP: 18/18 MP: 1/1
    39 | D:4      | Noticed Blork the orc
    39 | D:4      | Noticed a phantom
    47 | D:5      | Gained mutation: You sometimes gain a little power by
                  | taking damage. [demonic ancestry]
    47 | D:5      | Reached XP level 2. HP: 11/24 MP: 2/2
   283 | D:5      | Noticed an ogre
   333 | D:5      | Killed an ogre
   334 | D:5      | Reached skill level 5 in Fighting
   334 | D:5      | Gained mutation: You have a somewhat thin skeletal
                  | structure. (Dex +2, Stealth) [demonic ancestry]
   334 | D:5      | Reached XP level 3. HP: 25/33 MP: 3/3
   334 | D:5      | Gained mutation: You are immune to miasma. [demonic
                  | ancestry]
   334 | D:5      | Reached XP level 4. HP: 30/39 MP: 4/4
   965 | D:5      | Gained mutation: You have a pair of small antennae on your
                  | head. [demonic ancestry]
   965 | D:5      | Reached XP level 5. HP: 18/46 MP: 5/5
  1200 | D:4      | Noticed Robin
  1200 | D:4      | HP: 2/46 [Robin/goblin (2)]
  1200 | D:4      | Slain by a goblin

Illustrated notes

Levels and vault maps discovered:
D:4:      layout_basic, ashenzari_altar_1, uniq_robin, uniq_blork_the_orc
D:5:      layout_loops_ring, fedhas_altar_4, serial_shops,
          nicolae_shop_behind_doors

Skill      XL: |  1  2 |
---------------+-------+-----
Fighting       | 5 |  5.9
Dodging        | |  1.7
Stealth        | |  4.5
Unarmed Combat | |  1.7

Action                   |  1- 3 |  4- 6 || total
-------------------------+-------+-------++-------
Melee: Unarmed           |    12 |    98 ||   110
       Punch             |       |     1 ||     1
Throw: Boomerang         |    10 |       ||    10
  Use: Potion            |     1 |     1 ||     2
       Scroll            |       |     1 ||     1
 Stab: Sleeping          |       |     4 ||     4
Armor: Leather armour    |       |    35 ||    35
Dodge: Dodged            |     8 |    87 ||    95

Table legend: (Time is in decaauts)
 A = Elapsed time spent in this place.
 B = Non-inter-level travel time spent in this place.
 C = Inter-level travel time spent in this place.
 D = Time resting spent in this place.
 E = Time spent auto-exploring this place.
 F = Levels seen in this place.
 G = Mean time per level.
                   A        B        C        D        E       F      G
               +--------+--------+--------+--------+--------+-----+--------+
         Total |   1181 |   1181 |      0 |    179 |    789 |   2 |  590.5 |
       Dungeon |   1181 |   1181 |      0 |    179 |    789 |   2 |  590.5 |
               +--------+--------+--------+--------+--------+-----+--------+

Top non-repeatable levels by time:
     D:5: 1179 daAuts
     D:4: 1 daAuts
